Map: Acid Plant LE

Players

Elazer - Winner!

  • Race: Zerg Zerg
  • Spawn Location: 5:00

Nice

  • Race: Protoss Protoss
  • Spawn Location: 11:00

Event: IEM Season 12 - PyeongChang

VOD

Have the link to the VOD?

Description

Time

  • Played on: Feb. 4, 2018, 10:30 p.m.
  • Length: 7:37

All games in this series

Show
View Real Time Build Order
Export as new Build Order

Elazer Zerg - Winner!

Build Orders: Hatch First 

Get SALT Encoding   

  12  0:00  Drone  
  13  0:12  Overlord  
  13  0:17  Drone  
  14  0:30  Drone x2  
  16  0:47  Hatchery  
  15  0:51  Drone  
  15  0:54  Drone  
  17  0:58  Drone  
  18  1:07  Extractor  
  17  1:13  Spawning Pool  
  17  1:16  Drone  
  17  1:20  Drone  
  18  1:27  Drone  
  19  1:38  Drone  
  20  1:49  Overlord  
  20  2:00  Queen x2, Zergling x2  
  20  2:01  Zergling x2  
  26  2:08  Metabolic Boost  
  26  2:10  Drone  
  26  2:11  Drone  
  28  2:21  Drone x2  
  30  2:34  Hatchery  
  30  2:36  Drone  
  30  2:39  Drone  
  31  2:46  Queen  
  31  2:51  Overlord  
  33  2:53  Drone  
  33  2:56  Drone  
  35  2:59  Drone  
  36  3:09  Drone x2  
  36  3:10  Drone x3  
  41  3:17  Overlord  
  41  3:19  Drone  
  42  3:22  Queen  
  44  3:31  Overlord  
  44  3:37  Overlord  
  44  3:43  Lair  
  44  3:46  Extractor  
  44  3:47  Drone x6  
  49  3:50  Drone  
  49  3:54  Overlord  
  49  3:55  Drone x2  
  52  3:57  Drone  
  53  4:03  Drone x2  
  53  4:05  Spore Crawler  
  53  4:06  Spore Crawler  
  53  4:08  Overlord  
  54  4:10  Drone  
  54  4:14  Drone x2  
  54  4:15  Drone  
  57  4:20  Baneling Nest, Extractor  
  55  4:26  Zergling x6  
  58  4:32  Zergling x6  
  58  4:35  Overlord  
  61  4:43  Hydralisk Den  
  60  4:46  Drone x4  
  60  4:50  Drone x3  
  67  4:57  Zergling x6  
  67  4:58  Zergling x4  
  71  5:03  Baneling x3  
  71  5:05  Overlord  
  71  5:06  Drone x2  
  73  5:09  Extractor  
  73  5:12  Drone  
  73  5:15  Overlord  
  73  5:25  Muscular Augments, Hydralisk x5  
  80  5:35  Overlord, Hydralisk  
  80  5:39  Overlord  
  80  5:42  Hydralisk x2  
  84  5:49  Hydralisk  
  85  5:52  Zergling x14  
  91  5:58  Spore Crawler, Hydralisk  
  91  5:59  Hydralisk  
  91  6:02  Hydralisk  
  96  6:11  Overlord, Hydralisk  
  96  6:13  Hydralisk  
  96  6:17  Hydralisk  
  102  6:19  Overlord  
  102  6:21  Hydralisk  
  102  6:24  Zergling x10  
  109  6:28  Hydralisk  
  109  6:30  Hydralisk  
  113  6:39  Zergling x2  
  115  6:40  Zergling x12  
  115  6:46  Baneling x2  
  119  6:49  Zergling x2  
  119  6:50  Zergling x6  
  119  6:51  Baneling x5  
  119  6:52  Baneling x2  
  119  6:53  Zergling x4  
  125  6:58  Zergling x8  
  125  7:00  Baneling x2  
  129  7:04  Overlord  
  129  7:12  Baneling  
  129  7:13  Baneling x6  
  128  7:18  Zergling x6  
Show
View Real Time Build Order
Export as new Build Order

Nice Protoss 

Build Orders: 1 Gate Expand, Oracle Opening 

Get SALT Encoding   

  12  0:00  Probe  
  13  0:12  Probe  
  14  0:20  Pylon  
  14  0:24  Probe  
  15  0:38  Gateway, Probe (Chrono Boost)  
  16  0:49  Probe (Chrono Boost)  
  17  0:50  Assimilator  
  17  0:53  Probe (Chrono Boost)  
  18  1:04  Probe (Chrono Boost)  
  19  1:13  Probe (Chrono Boost)  
  20  1:18  Probe (Chrono Boost)  
  21  1:27  Nexus  
  21  1:36  Cybernetics Core  
  21  1:42  Assimilator  
  21  1:44  Probe  
  22  1:52  Pylon  
  22  1:57  Probe  
  23  2:10  Probe  
  23  2:11  Adept (Chrono Boost)  
  26  2:16  Stargate  
  26  2:22  Probe  
  27  2:27  Warp Gate  
  27  2:30  Adept  
  27  2:34  Probe  
  30  2:39  Probe  
  31  2:46  Probe  
  32  2:51  Probe  
  32  2:56  Void Ray (Chrono Boost)  
  34  2:58  Probe  
  34  3:03  Adept  
  40  3:07  Probe  
  41  3:13  Probe  
  41  3:19  Probe  
  43  3:23  Pylon  
  44  3:29  Oracle (Chrono Boost)  
  46  3:39  Gateway  
  46  3:41  Probe x2  
  48  3:47  Gateway  
  48  3:53  Probe x2  
  50  3:56  Pylon  
  50  3:58  Oracle (Chrono Boost)  
  53  4:05  Pylon, Probe (Chrono Boost)  
  54  4:14  Probe (Chrono Boost)  
  55  4:17  Assimilator  
  55  4:18  Assimilator  
  55  4:23  Probe (Chrono Boost)  
  57  4:25  Probe (Chrono Boost)  
  57  4:30  Probe x2 (Chrono Boost)  
  58  4:37  Nexus  
  58  4:38  Pylon  
  59  4:41  Probe x2  
  59  4:44  Adept x2  
  65  4:47  Adept  
  67  4:53  Probe  
  68  5:00  Probe  
  68  5:04  Robotics Facility  
  68  5:05  Pylon, Probe  
  70  5:12  Probe  
  71  5:17  Probe  
  69  5:24  Probe  
  70  5:29  Probe  
  70  5:33  Forge  
  71  5:36  Probe  
  71  5:37  Sentry x3  
  71  5:40  Gateway  
  71  5:41  Gateway, Probe  
  79  5:46  Twilight Council  
  79  5:47  Pylon  
  79  5:48  Probe  
  77  5:53  Immortal (Chrono Boost)  
  75  5:57  Shield Battery  
  75  5:58  Probe x2  
  75  5:59  Shield Battery  
  75  6:00  Shield Battery, Probe  
  82  6:07  Robotics Bay  
  82  6:10  Probe x2  
  84  6:12  Probe  
  84  6:16  Resonating Glaives (Chrono Boost), Immortal (Chrono Boost)  
  85  6:22  Probe x2  
  91  6:41  Stalker x2, Sentry  
  91  6:46  Probe x2  
  99  6:49  Pylon  
  99  6:50  Pylon  
  99  6:52  Pylon  
  99  6:58  Pylon  
  99  7:05  Gateway  
  99  7:07  Gateway  
  105  7:08  Assimilator  
  105  7:14  Assimilator, Sentry, Adept x4  

Tags
 
Add a new tag
Caveats
  • Supply blocks, unpowered buildings, or Contaminate may cause inaccurate times.
  • Supply counts are checked every 10 seconds.